[ AOE2 MATCH · #505011083 ]
UnrankedMuisca vs Tatars
Player's team · LOSS
Rival team · WIN
[ REPLAY ANALYSIS · EXTRACTED FROM THE RECORDED GAME ]
Feudal
9:02
Castle
23:10
Imperial
—
| APM avg | 91.1 |
| APM peak | 136 |
| eAPM avg | 58.5 |
| Villagers / military | 84 / 27 |
Focus
⚔️ 68.5% · 🌾 31.5%
Skirmisher ×20 · Archer ×6 · Unknown (2550) ×6 · Monk ×1
Feudal
10:16
Castle
24:01
Imperial
—
| APM avg | 52.4 |
| APM peak | 75 |
| eAPM avg | 19.8 |
| Villagers / military | 54 / 43 |
Focus
⚔️ 28.9% · 🌾 71.1%
Skirmisher ×25 · Knight ×8 · Militia ×6 · Mangonel ×3 · Spearman ×1
Match map
Initial resources + every placement click. Lines = walls · curves = elevation contours. ◆ gold · ⬟ stone · ● berries · ✦ relic · ◌ wall gap
Your base· ✓ Closed at 23:10 · 58t walls · no gate
3D!Scatter's base· Open — opponent sealed themselves in
Smoothed initial terrain · ◌ = detected wall gap · hover for details
Inputs per minute
— ImperPok - - 3D!Scatter
Build order — ImperPok
First 150 of 220 actions detected
| 0:00 | Queue | Villager (Male) |
| 0:00 | Queue | Villager (Male) |
| 0:01 | Build | House |
| 0:02 | Build | House |
| 0:11 | Queue | Villager (Male) |
| 0:13 | Queue | Villager (Male) |
| 1:31 | Queue | Villager (Male) |
| 1:53 | Queue | Villager (Male) |
| 1:54 | Queue | Villager (Male) |
| 2:27 | Queue | Villager (Male) |
| 2:30 | Build | Settlement |
| 2:42 | Queue | Villager (Male) |
| 2:42 | Queue | Villager (Male) |
| 3:01 | Queue | Villager (Male) |
| 3:27 | Queue | Villager (Male) |
| 4:03 | Queue | Villager (Male) |
| 4:03 | Queue | Villager (Male) |
| 4:41 | Build | Settlement |
| 4:52 | Queue | Villager (Male) |
| 4:53 | Queue | Villager (Male) |
| 4:54 | Queue | Villager (Male) |
| 5:47 | Research | Loom |
| 6:52 | Research | Feudal Age |
| 6:52 | Research | Feudal Age |
| 7:12 | Build | Settlement |
| 7:30 | Build | House |
| 7:31 | Build | House |
| 7:33 | Build | Palisade Wall |
| 7:35 | Queue | Villager (Male) |
| 7:44 | Build | Palisade Wall |
| 7:51 | Build | Palisade Wall |
| 7:51 | Build | Palisade Wall |
| 7:53 | Build | Palisade Wall |
| 8:03 | Queue | Villager (Male) |
| 8:05 | Build | Palisade Wall |
| 8:06 | Build | Palisade Wall |
| 8:06 | Build | Palisade Wall |
| 8:07 | Build | Palisade Wall |
| 8:08 | Queue | Villager (Male) |
| 8:12 | Build | Palisade Wall |
| 8:14 | Build | Palisade Wall |
| 8:16 | Build | Palisade Wall |
| 8:17 | Build | Palisade Wall |
| 9:00 | Build | Barracks |
| 9:02 | Age | Feudal Age |
| 9:14 | Queue | Villager (Male) |
| 9:37 | Queue | Villager (Male) |
| 9:46 | Research | Double-Bit Axe |
| 9:47 | Research | Double-Bit Axe |
| 9:50 | Research | Horse Collar |
| 9:50 | Research | Horse Collar |
| 10:05 | Build | Archery Range |
| 10:07 | Build | Palisade Wall |
| 10:08 | Build | Palisade Wall |
| 10:11 | Queue | Villager (Male) |
| 10:36 | Queue | Villager (Male) |
| 10:52 | Build | Farm |
| 10:54 | Build | Farm |
| 10:55 | Build | Farm |
| 10:58 | Queue | Villager (Male) |
| 11:15 | Queue | Archer |
| 11:16 | Queue | Villager (Male) |
| 11:25 | Queue | Villager (Male) |
| 12:09 | Queue | Skirmisher |
| 12:11 | Queue | Villager (Male) |
| 12:13 | Build | House |
| 12:29 | Queue | Skirmisher |
| 12:33 | Queue | Villager (Male) |
| 12:33 | Queue | Villager (Male) |
| 13:02 | Queue | Skirmisher |
| 13:02 | Queue | Skirmisher |
| 13:22 | Queue | Skirmisher |
| 13:35 | Queue | Skirmisher |
| 13:35 | Queue | Skirmisher |
| 13:45 | Queue | Skirmisher |
| 13:47 | Queue | Villager (Male) |
| 13:48 | Queue | Skirmisher |
| 13:52 | Build | House |
| 13:53 | Build | Palisade Wall |
| 13:57 | Build | House |
| 14:11 | Queue | Skirmisher |
| 14:13 | Build | Palisade Wall |
| 14:14 | Build | Palisade Wall |
| 14:19 | Build | Settlement |
| 14:49 | Queue | Villager (Male) |
| 15:01 | Queue | Villager (Male) |
| 15:01 | Queue | Villager (Male) |
| 15:02 | Queue | Villager (Male) |
| 15:02 | Queue | Villager (Male) |
| 15:02 | Queue | Villager (Male) |
| 15:05 | Queue | Skirmisher |
| 15:10 | Queue | Archer |
| 15:13 | Queue | Archer |
| 15:33 | Queue | Villager (Male) |
| 15:45 | Build | Farm |
| 15:48 | Queue | Archer |
| 15:54 | Build | House |
| 15:55 | Build | House |
| 15:56 | Build | Palisade Wall |
| 15:59 | Build | Palisade Wall |
| 16:00 | Queue | Villager (Male) |
| 16:03 | Build | Farm |
| 16:04 | Build | Farm |
| 16:06 | Build | Farm |
| 16:08 | Build | Farm |
| 16:12 | Queue | Villager (Male) |
| 16:13 | Queue | Archer |
| 16:14 | Queue | Villager (Male) |
| 16:20 | Build | Blacksmith |
| 16:21 | Build | House |
| 16:23 | Build | House |
| 16:25 | Build | Palisade Wall |
| 16:34 | Queue | Archer |
| 17:06 | Build | Palisade Wall |
| 17:26 | Queue | Villager (Male) |
| 17:29 | Build | Palisade Wall |
| 17:33 | Queue | Villager (Male) |
| 17:37 | Queue | Villager (Male) |
| 17:40 | Queue | Villager (Male) |
| 17:42 | Build | House |
| 17:43 | Build | Palisade Wall |
| 17:48 | Build | House |
| 17:52 | Queue | Villager (Male) |
| 17:57 | Build | Farm |
| 17:59 | Build | Farm |
| 17:59 | Build | Farm |
| 18:00 | Build | Farm |
| 18:01 | Queue | Villager (Male) |
| 18:05 | Queue | Villager (Male) |
| 18:06 | Queue | Villager (Male) |
| 18:10 | Build | House |
| 18:12 | Build | Palisade Wall |
| 18:15 | Build | House |
| 18:32 | Build | Farm |
| 18:33 | Build | Farm |
| 18:34 | Queue | Villager (Male) |
| 18:49 | Build | Farm |
| 19:01 | Queue | Skirmisher |
| 19:01 | Queue | Skirmisher |
| 19:07 | Queue | Skirmisher |
| 19:22 | Queue | Skirmisher |
| 19:22 | Queue | Skirmisher |
| 19:26 | Queue | Skirmisher |
| 19:27 | Queue | Skirmisher |
| 19:29 | Queue | Skirmisher |
| 19:30 | Queue | Villager (Male) |
| 19:42 | Queue | Skirmisher |
| 19:51 | Build | House |
| 19:51 | Build | Palisade Wall |
| 20:05 | Queue | Villager (Male) |
Build order — 3D!Scatter
First 150 of 169 actions detected
| 0:00 | Queue | Villager (Male) |
| 0:00 | Queue | Villager (Male) |
| 0:02 | Build | House |
| 0:04 | Build | House |
| 0:17 | Queue | Villager (Male) |
| 0:17 | Queue | Villager (Male) |
| 0:17 | Queue | Villager (Male) |
| 1:32 | Queue | Villager (Male) |
| 2:00 | Queue | Villager (Male) |
| 2:28 | Queue | Villager (Male) |
| 2:52 | Queue | Villager (Male) |
| 3:00 | Build | Barracks |
| 3:23 | Queue | Villager (Male) |
| 3:30 | Build | House |
| 3:48 | Queue | Villager (Male) |
| 4:10 | Queue | Villager (Male) |
| 4:27 | Queue | Militia |
| 4:39 | Queue | Villager (Male) |
| 4:45 | Build | House |
| 4:56 | Queue | Militia |
| 4:57 | Queue | Militia |
| 5:08 | Queue | Villager (Male) |
| 5:39 | Queue | Villager (Male) |
| 5:44 | Queue | Villager (Male) |
| 6:11 | Build | Lumber Camp |
| 6:32 | Queue | Villager (Male) |
| 6:33 | Queue | Villager (Male) |
| 6:56 | Build | House |
| 7:13 | Research | Loom |
| 8:06 | Research | Feudal Age |
| 8:21 | Build | Mill |
| 9:00 | Queue | Villager (Male) |
| 9:51 | Build | Mining Camp |
| 10:16 | Age | Feudal Age |
| 10:18 | Queue | Villager (Male) |
| 10:32 | Build | Archery Range |
| 10:50 | Research | Man-at-Arms (upgrade) |
| 11:07 | Queue | Villager (Male) |
| 11:09 | Research | Double-Bit Axe |
| 11:42 | Queue | Villager (Male) |
| 11:44 | Queue | Skirmisher |
| 12:08 | Queue | Villager (Male) |
| 12:10 | Queue | Militia |
| 12:14 | Build | House |
| 12:20 | Build | House |
| 12:44 | Queue | Skirmisher |
| 12:44 | Queue | Villager (Male) |
| 13:04 | Build | Lumber Camp |
| 13:18 | Queue | Villager (Male) |
| 13:23 | Queue | Skirmisher |
| 13:41 | Queue | Villager (Male) |
| 13:47 | Queue | Skirmisher |
| 13:48 | Queue | Militia |
| 13:49 | Queue | Villager (Male) |
| 13:51 | Build | Blacksmith |
| 14:06 | Queue | Villager (Male) |
| 14:09 | Queue | Militia |
| 14:10 | Queue | Skirmisher |
| 14:36 | Queue | Skirmisher |
| 14:55 | Research | Fletching |
| 15:00 | Queue | Spearman |
| 15:10 | Build | Farm |
| 15:11 | Build | Farm |
| 15:11 | Build | Farm |
| 15:11 | Build | Farm |
| 15:11 | Build | Farm |
| 15:20 | Build | Mill |
| 15:55 | Build | Market |
| 16:07 | Queue | Villager (Male) |
| 16:08 | Queue | Villager (Male) |
| 16:17 | Build | House |
| 16:17 | Build | House |
| 16:31 | Queue | Villager (Male) |
| 16:36 | Queue | Skirmisher |
| 16:53 | Queue | Villager (Male) |
| 17:08 | Queue | Skirmisher |
| 17:08 | Queue | Villager (Male) |
| 17:27 | Build | Farm |
| 17:27 | Build | Farm |
| 17:28 | Build | Farm |
| 17:31 | Build | Farm |
| 17:35 | Build | Farm |
| 17:38 | Build | Farm |
| 17:39 | Build | Farm |
| 17:44 | Queue | Skirmisher |
| 17:45 | Queue | Villager (Male) |
| 17:49 | Build | Archery Range |
| 18:02 | Queue | Skirmisher |
| 18:03 | Queue | Villager (Male) |
| 18:15 | Build | Farm |
| 18:19 | Queue | Skirmisher |
| 18:24 | Research | Padded Archer Armor |
| 18:34 | Queue | Villager (Male) |
| 18:44 | Queue | Skirmisher |
| 19:08 | Queue | Villager (Male) |
| 19:09 | Queue | Skirmisher |
| 19:09 | Queue | Skirmisher |
| 19:28 | Queue | Villager (Male) |
| 19:37 | Queue | Skirmisher |
| 19:37 | Queue | Villager (Male) |
| 19:38 | Queue | Skirmisher |
| 19:39 | Queue | Skirmisher |
| 19:53 | Build | Farm |
| 19:53 | Build | Farm |
| 19:53 | Build | Farm |
| 19:53 | Build | Farm |
| 20:12 | Queue | Villager (Male) |
| 20:17 | Build | House |
| 20:18 | Build | House |
| 20:49 | Queue | Villager (Male) |
| 20:51 | Queue | Skirmisher |
| 20:51 | Queue | Skirmisher |
| 20:54 | Build | House |
| 20:55 | Build | House |
| 21:21 | Research | Castle Age |
| 21:44 | Queue | Villager (Male) |
| 21:57 | Research | Horse Collar |
| 22:10 | Queue | Skirmisher |
| 22:11 | Queue | Skirmisher |
| 22:14 | Research | Wheelbarrow |
| 22:19 | Build | Palisade Wall |
| 22:26 | Build | House |
| 22:26 | Build | House |
| 22:28 | Build | House |
| 23:02 | Queue | Skirmisher |
| 23:02 | Queue | Skirmisher |
| 23:07 | Build | Stable |
| 23:30 | Queue | Villager (Male) |
| 23:48 | Build | House |
| 23:53 | Build | Palisade Wall |
| 23:55 | Build | Palisade Wall |
| 24:01 | Age | Castle Age |
| 24:01 | Queue | Knight |
| 24:03 | Build | Siege Workshop |
| 24:07 | Research | Elite Skirmisher (upgrade) |
| 24:08 | Research | Bodkin Arrow |
| 24:11 | Queue | Villager (Male) |
| 24:19 | Build | Palisade Wall |
| 24:23 | Queue | Knight |
| 24:53 | Queue | Mangonel |
| 24:54 | Build | House |
| 25:07 | Queue | Villager (Male) |
| 25:23 | Queue | Skirmisher |
| 25:23 | Queue | Skirmisher |
| 25:30 | Build | House |
| 25:45 | Queue | Knight |
| 25:46 | Queue | Knight |
| 25:47 | Queue | Villager (Male) |
| 25:51 | Build | House |
| 26:21 | Queue | Knight |
Match timeline
| 3:00 | 3D!Scatter · first_building Barracks |
| 7:33 | ImperPok · wall_segment Palisade Wall x7 |
| 7:44 | ImperPok · wall_segment Palisade Wall x1 |
| 7:51 | ImperPok · wall_segment Palisade Wall x1 |
| 7:51 | ImperPok · wall_segment Palisade Wall x1 |
| 7:53 | ImperPok · wall_segment Palisade Wall x1 |
| 8:05 | ImperPok · wall_segment Palisade Wall x1 |
| 8:06 | ImperPok · wall_segment Palisade Wall x1 |
| 8:06 | ImperPok · wall_segment Palisade Wall x1 |
| 8:07 | ImperPok · wall_segment Palisade Wall x1 |
| 8:12 | ImperPok · wall_segment Palisade Wall x1 |
| 8:14 | ImperPok · wall_segment Palisade Wall x6 |
| 8:16 | ImperPok · wall_segment Palisade Wall x1 |
| 8:17 | ImperPok · wall_segment Palisade Wall x3 |
| 9:00 | ImperPok · first_building Barracks |
| 9:02 | ImperPok · age_up feudal |
| 10:05 | ImperPok · first_building Archery Range |
| 10:07 | ImperPok · wall_segment Palisade Wall x1 |
| 10:08 | ImperPok · wall_segment Palisade Wall x1 |
| 10:16 | 3D!Scatter · age_up feudal |
| 10:32 | 3D!Scatter · first_building Archery Range |
| 13:53 | ImperPok · wall_segment Palisade Wall x3 |
| 14:13 | ImperPok · wall_segment Palisade Wall x1 |
| 14:14 | ImperPok · wall_segment Palisade Wall x1 |
| 15:56 | ImperPok · wall_segment Palisade Wall x3 |
| 15:59 | ImperPok · wall_segment Palisade Wall x11 |
| 16:25 | ImperPok · wall_segment Palisade Wall x1 |
| 17:06 | ImperPok · wall_segment Palisade Wall x1 |
| 17:29 | ImperPok · wall_segment Palisade Wall x1 |
| 17:43 | ImperPok · wall_segment Palisade Wall x2 |
| 18:12 | ImperPok · wall_segment Palisade Wall x4 |
| 18:33 | 3D!Scatter · first_market_buy 100 food |
| 19:51 | ImperPok · wall_segment Palisade Wall x8 |
| 22:19 | 3D!Scatter · wall_segment Palisade Wall x6 |
| 23:07 | 3D!Scatter · first_building Stable |
| 23:10 | ImperPok · age_up castle |
| 23:23 | ImperPok · first_building Monastery |
| 23:53 | 3D!Scatter · wall_segment Palisade Wall x7 |
| 23:55 | 3D!Scatter · wall_segment Palisade Wall x8 |
| 24:01 | 3D!Scatter · age_up castle |
| 24:03 | 3D!Scatter · first_building Siege Workshop |
| 24:19 | 3D!Scatter · wall_segment Palisade Wall x1 |
| 24:52 | 3D!Scatter · first_market_sell 100 food |
| 25:14 | ImperPok · first_building Siege Workshop |
| 28:23 | ImperPok · wall_segment Palisade Wall x1 |
| 28:24 | ImperPok · wall_segment Palisade Wall x1 |
| 28:58 | ImperPok · resign |
[ AI ANALYSIS · 1 CREDIT ]
What really happened in this match?
Wolo.gg analyzes every decision: build order, eco, micro, common mistakes by bracket. Personalized analysis on WhatsApp or Discord in 30 seconds.
Civ guide
Muisca
Perfil
Jugador #1633836